 Dungeon Sprint DCSS version 0.19-a0-996-g3cba913 (webtiles) character file.

20 Groucho the Scratcher (level 2, -4/13 HPs)
             Began as a Felid Transmuter on July 16, 2016.
             Was a Believer of Yredelemnul.
             Killed by divine providence
             ... invoked by an orc priest
              (17 damage)
             ... in the Dungeon (Sprint VII: "The Pits").
             The game lasted 00:02:29 (469 turns).

Groucho the Scratcher (Felid Transmuter)             Turns: 469, Time: 00:02:31

Health: -4/13      AC:  1    Str:  6    XL:     2   Next: 58%
Magic:  5/6        EV: 19    Int: 14    God:    Yredelemnul [**....]
Gold:   0          SH:  0    Dex: 16    Spells: 1 memorised, 5 levels left
                                        Lives:  0   Deaths: 0

rFire  . . .     SeeInvis +       - Unarmed
rCold  . . .     Gourm    .     (armour unavailable)
rNeg   . . .     Faith    .     (shield unavailable)
rPois  .         Spirit   .     (helmet unavailable)
rElec  .         Dismiss  .     (cloak unavailable)
rCorr  .         Reflect  .     (gloves unavailable)
SustAt .         Harm     .     (boots unavailable)
MR     .....     NoTele   +     (no amulet)
Stlth  +++.......               (no ring)
                                (no ring)

@: appendage, quick, not resistant to hostile enchantments, fairly stealthy
A: no armour, no weapons or thrown items, claws 1, fangs 3, horns 2, see
invisible, carnivore 3, speed 1, shaggy fur 1, slow metabolism 1, sharp paws
a: End Transformation, Animate Remains, Recall Undead Slaves, Injury Mirror,
Renounce Religion


You were in the Dungeon.
You worshipped Yredelemnul.
Yredelemnul was pleased with you.
You were not hungry.
You had grown temporary horns.
You visited 1 branch

Inventory:

Missiles
 a - 12 arrows
Scrolls
 i - a scroll of blinking
 k - 3 scrolls of remove curse
 l - 5 scrolls of amnesia
 m - a scroll of summoning
Potions
 d - 6 potions of curing
 e - 6 potions of heal wounds
 f - a potion of haste
 g - 4 potions of magic
 h - 3 potions of berserk rage
 j - 2 potions of invisibility
Books
 b - a book of Changes

   Spells                             Type                      Level
   a - Beastly Appendage              Transmutation                1
   b - Sticks to Snakes               Transmutation                2
   c - Spider Form                    Transmutation/Poison         3
   d - Ice Form                       Ice/Transmutation            4
   e - Blade Hands                    Transmutation                5
Comestibles
 c - 8 meat rations


   Skills:
 + Level 2.0 Fighting
 + Level 3.6 Dodging
 + Level 1.9 Stealth
 * Level 4.2 Unarmed Combat
 + Level 2.5 Spellcasting
 + Level 2.6 Transmutations
 + Level 1.4 Invocations


You had 5 spell levels left.
You knew the following spells:

 Your Spells              Type           Power        Failure   Level  Hunger
a - Beastly Appendage     Tmut           #.....       10%         1    #......


Dungeon Overview and Level Annotations

Branches:
Dungeon (1/1)

Altars:
Ashenzari
Cheibriados
Dithmenos
Elyvilon
Fedhas
Gozag
Kikubaaqudgha
Makhleb
Nemelex Xobeh
Okawaru
Pakellas
Qazlal
Ru
Sif Muna
Trog
Vehumet
Xom
Yredelemnul
Zin
The Shining One
Beogh
Jiyva
Lugonu


Innate Abilities, Weirdness & Mutations

You cannot wear armour.
You are incapable of wielding weapons or throwing items.
You have sharp claws.
You have razor-sharp teeth.
You have supernaturally acute eyesight. (SInv)
You are carnivorous and can eat meat at any time.
You cover ground quickly.
You are covered in fur. (AC +1)
You have a slow metabolism.
Your sharp claws are effective at attacking unaware monsters.
You have a pair of horns on your head.


Message History

A water moccasin, a big kobold and an orc wizard come into view.
What are your orders? t - Meow!
Orders for allies: a - Attack new target. r - Retreat! s - Stop attacking. g - Guard the area. f - Follow me.
Anything else - Cancel.
Gang up on whom?
Press: ? - help, Dir - move target cursor, f - orc
Aim: an orc
Okay, then.
Unknown command.
Casting: Beastly Appendage
Confirm with . or Enter, or press ? or * to list all spells.
You grow a pair of large bovine horns.
The orc priest mumbles some strange prayers to Beogh against you.
Beogh smites you!
Ouch! That really hurt!
You die...
Your body rises from the dead as a mindless zombie.

#'#####'#####.....
#.#..#...Z.##.....
#.#))#####'#####'#
#.#))#....Z##.....
#Z#))#.....##.....
#Z#[[###'####.....
#Z##'#.....##...<.
#Z#........##.....
#@#........##.....
#o###########.....
#o. ###### #o.#
#.5o ##.## .K S#


You could see a water moccasin, a big kobold, an orc priest, an orc wizard, a
quasit, 2 orcs, a friendly bat zombie, a friendly quokka zombie, a friendly
giant cockroach zombie and a friendly hobgoblin skeleton.

Vanquished Creatures
  An adder (D)
  A giant gecko (D)
  A giant cockroach (D)
  2 hobgoblins (D)
  2 quokkas (D)
  A bat (D)
8 creatures vanquished.

Vanquished Creatures (collateral kills)
  A giant cockroach (D)
1 creature vanquished.

Grand Total: 9 creatures vanquished

Notes
Turn   | Place    | Note
-------+----------+-------------------------------------------
     0 | D        | Groucho the Felid Transmuter began the quest for the Orb.
     0 | D        | Reached XP level 1. HP: 9/9 MP: 4/4
    37 | D        | Found a sacrificial altar of Ru.
    37 | D        | Found a basalt altar of Yredelemnul.
    37 | D        | Found a shadowy altar of Dithmenos.
    37 | D        | Found a deep blue altar of Sif Muna.
    37 | D        | Found a burning altar of Makhleb.
    37 | D        | Found a shimmering altar of Xom.
    37 | D        | Found an ancient bone altar of Kikubaaqudgha.
    37 | D        | Found a sparkling altar of Nemelex Xobeh.
    38 | D        | Found a glowing golden altar of the Shining One.
    38 | D        | Found a bloodstained altar of Trog.
    38 | D        | Found a shattered altar of Ashenzari.
    38 | D        | Found a white marble altar of Elyvilon.
    38 | D        | Found a snail-covered altar of Cheibriados.
    38 | D        | Found a blossoming altar of Fedhas.
    38 | D        | Found a radiant altar of Vehumet.
    38 | D        | Found a glowing silver altar of Zin.
    38 | D        | Found a corrupted altar of Lugonu.
    38 | D        | Found a viscous altar of Jiyva.
    38 | D        | Found a roughly hewn altar of Beogh.
    38 | D        | Found an iron altar of Okawaru.
    39 | D        | Found an oddly glowing altar of Pakellas.
    44 | D        | Found a stormy altar of Qazlal.
    44 | D        | Found an opulent altar of Gozag.
    55 | D        | Became a worshipper of Yredelemnul the Dark
   187 | D        | Reached skill level 1 in Stealth
   203 | D        | Reached * piety under Yredelemnul
   321 | D        | Reached skill level 1 in Invocations
   321 | D        | Reached XP level 2. HP: 13/13 MP: 1/6
   326 | D        | Reached ** piety under Yredelemnul
   326 | D        | Reached skill level 4 in Unarmed Combat
   469 | D        | Noticed a big kobold
   469 | D        | Noticed a water moccasin
   469 | D        | Killed from afar by an orc priest

Vault maps used:
D:        pitsprint

Skill      XL: |  1  2 |
---------------+-------+-----
Dodging        | 3 |  3.6
Stealth        | 1 |  1.9
Invocations    | 1 |  1.4
Fighting       | 2 |  2.0
Unarmed Combat | 4 |  4.2
Spellcasting   | |  2.5
Transmutations | |  2.6

Action                   || total
-------------------------++-------
Melee: Unarmed           ||    19
       Punch             ||     2
       Headbutt          ||     2
       Bite              ||     2
 Cast: Beastly Appendage ||     4
Invok: Animate Remains   ||     4
 Stab: Sleeping          ||     5
Armor: Skin              ||     3
Dodge: Dodged            ||    13
